 Dungeon Crawl Stone Soup version 0.31.0-9-g3a7656b989 (webtiles) character file.

Game seed: 10781955617680260059

1156 qw the Skirmisher (level 8, 0/40 HPs)
             Began as a Spriggan Hunter on Feb 2, 2024.
             Slain by a yak (16 damage)
             ... on level 5 of the Dungeon.
             The game lasted 00:00:16 (4019 turns).

qw the Skirmisher (Spriggan Hunter)                 Turns: 4019, Time: 00:00:16

Health: 0/40       AC:  2    Str:  7    XL:     8   Next: 16%
Magic:  9/9        EV: 23    Int: 11    God:
Gold:   238        SH:  0    Dex: 20    Spells: 7/7 levels left

rFire   . . .        a - +1 shortbow
rCold   + . .        (shield currently unavailable)
rNeg    . . .        c - +0 robe
rPois   .            (helmet restricted)
rElec   .            (no cloak)
rCorr   .            (gloves unavailable)
SInv    +            (boots unavailable)
Will    +....        (no amulet)
Stlth   ++           f - ring of protection from cold
HPRegen 0.26/turn    (no ring)
MPRegen 0.11/turn

%: no passive effects
@: very quick
A: very small, no large weapons, unfitting armour, see invisible, speed 3
a: no special abilities


You were on level 5 of the Dungeon.
You visited 1 branch of the dungeon, and saw 5 of its levels.

You collected 238 gold pieces.


Innate Abilities, Weirdness & Mutations

You are very small and have problems with some larger weapons.
You are too small for most types of armour.
You have supernaturally acute eyesight. (SInv)
You cover ground extremely quickly. (Speed+++)


   Skills:
 - Level 3.1 Fighting
 - Level 8.3 Ranged Weapons
 + Level 7.7 Dodging
 - Level 1.5 Stealth


You had 7 spell levels left.
You didn't know any spells.
Your spell library was empty.

Inventory:

Hand Weapons
 a - a +1 shortbow (weapon)
Armour
 c - a +0 robe (worn)
Jewellery
 f - a ring of protection from cold (left hand)
Potions
 g - a potion of cancellation
 h - 4 potions of curing
 i - a potion of degeneration {unknown}

Dungeon Overview and Level Annotations

Branches:
Dungeon (5/15)
 Temple: D:4-7

Altars:
Cheibriados
Nemelex Xobeh
Ru

Annotations:
D:2 1 runed translucent door


Message History

The yak is moderately wounded.
You shoot an arrow. The arrow closely misses the yak.
You shoot an arrow. The arrow hits the yak.
The yak is moderately wounded.
You shoot an arrow. The arrow hits the yak.
The yak is moderately wounded.
The yak completely misses you.
You shoot an arrow.
The arrow hits the yak but does no damage.
The yak is moderately wounded.
The yak misses you.
You shoot an arrow. The arrow hits the yak!
The yak is heavily wounded.
The yak gores you!
You shoot an arrow. The arrow hits the yak!
The yak is severely wounded.
The yak gores you!
You shoot an arrow. The arrow closely misses the yak.
The arrow hits the water moccasin.
The water moccasin is moderately wounded.
The yak barely misses you.
You shoot an arrow. The arrow barely misses the yak.
The arrow barely misses the water moccasin.
The yak completely misses you.
You shoot an arrow. The arrow completely misses the yak.
The arrow closely misses the water moccasin.
The yak closely misses you.
You shoot an arrow. The arrow closely misses the yak.
The arrow hits the water moccasin.
The water moccasin is moderately wounded.
The yak misses you.
You shoot an arrow.
The arrow hits the yak but does no damage.
The yak is severely wounded.
The yak misses you.
You shoot an arrow.
The arrow hits the yak but does no damage.
The yak is severely wounded.
The yak gores you!
You die...

#.$.¤~.#.~... #....#
#...#%...¤... ###.#.##
#...=~~~~~...##...#...
#............#....####
#...........##...##
#.........##<...#
#..Sl..###.....# #Y#
#.......#
#@####.......#
#...............
###.....####....#
#...).# ..... #.....#
....# #.....# ....
#######


You could see a yak, a water moccasin and an iguana.

Vanquished Creatures
  Grinder (D:4)
  A water moccasin (D:5)
  2 black bears (D:4)
  A centaur (D:5)
  Blork the orc (D:4)
  A scorpion (D:4)
  A howler monkey (D:5)
  A hound (D:4)
  2 orc priests (D:4)
  A sleepcap (D:5)
  Jessica (D:2)
  An iguana (D:4)
  Natasha (thrice) (D:2)
  An orc wizard (D:3)
  4 adders
  A shadow imp (D:5)
  A white imp (D:3)
  2 dart slugs (D:1)
  18 orcs
  6 bats
  9 endoplasms
  4 giant cockroaches
  6 goblins
  10 hobgoblins
  4 jackals
  4 quokkas
  4 ball pythons
  3 frilled lizards
  10 kobolds
  8 rats
112 creatures vanquished.

Notes
Turn   | Place    | Note
-------+----------+-------------------------------------------
     0 | D:1      | qw the Spriggan Hunter began the quest for the Orb.
     0 | D:1      | Reached XP level 1. HP: 10/10 MP: 2/2
     0 | D:1      | 0 ||| qw: Version: 0.3-a-155-g5e7d8dd
     0 | D:1      | 0 ||| qw: Game counter: 450
     0 | D:1      | 0 ||| qw: Melee chars always use a shield: true
     0 | D:1      | 0 ||| qw: God list: Okawaru
     0 | D:1      | 0 ||| qw: Allow faded altars: false
     0 | D:1      | 0 ||| qw: Do Orc after clearing Dungeon:15 true
     0 | D:1      | 0 ||| qw: Do second Lair branch before Depths: true
     0 | D:1      | 0 ||| qw: Lair rune preference: random
     0 | D:1      | 0 ||| qw: Goals: Normal
     0 | D:1      | 0 ||| PLANNING D:1-11
    30 | D:1      | Reached skill level 3 in Dodging
   119 | D:1      | Reached XP level 2. HP: 14/14 MP: 3/3
   474 | D:1      | Reached XP level 3. HP: 18/18 MP: 4/4
   925 | D:1      | 925 ||| READING scroll labelled FILAAC YLUGE.
   925 | D:1      | 925 ||| IDENTIFYING emerald potion
   926 | D:1      | 926 ||| READING scroll labelled ISTONI OTHICA.
  1027 | D:1      | 1027 ||| DRINKING 2 metallic emerald potions.
  1028 | D:1      | 1028 ||| DROPPING scroll of butterflies.
  1029 | D:1      | 1029 ||| DROPPING potion of berserk rage.
  1140 | D:2      | Noticed Jessica
  1148 | D:2      | Killed Jessica
  1149 | D:2      | Reached skill level 5 in Ranged Weapons
  1149 | D:2      | Reached XP level 4. HP: 22/22 MP: 5/5
  1178 | D:2      | Noticed Natasha
  1187 | D:2      | Killed Natasha
  1217 | D:2      | Noticed Natasha
  1222 | D:2      | Killed Natasha
  1295 | D:2      | Noticed Natasha
  1298 | D:2      | Killed Natasha
  1299 | D:2      | Reached XP level 5. HP: 20/26 MP: 6/6
  1578 | D:2      | 1578 ||| DROPPING scarf of invisibility.
  1579 | D:2      | 1579 ||| READING scroll labelled POSTIDUUQINI.
  1579 | D:2      | 1579 ||| ENCHANTING +0 shortbow.
  1580 | D:2      | 1580 ||| READING scroll labelled CIANUF GULYLY.
  1580 | D:2      | Found a runed translucent door.
  1581 | D:2      | 1581 ||| READING scroll labelled USITTU SANLEWI.
  1809 | D:3      | Found a faded altar of an unknown god.
  1948 | D:3      | Found a snail-covered altar of Cheibriados.
  2403 | D:3      | Found a sparkling altar of Nemelex Xobeh.
  2426 | D:3      | Reached skill level 6 in Ranged Weapons
  2426 | D:3      | Found a sacrificial altar of Ru.
  2482 | D:3      | 2482 ||| READING scroll of identify.
  2482 | D:3      | 2482 ||| IDENTIFYING glowing golden potion
  2483 | D:3      | 2483 ||| READING scroll labelled WYMUNGA KOSIUN.
  2483 | D:3      | 2483 ||| ENCHANTING +1 shortbow.
  2484 | D:3      | 2484 ||| READING scroll labelled XYTAH EZXOWN.
  2485 | D:3      | 2485 ||| DROPPING potion of attraction.
  2519 | D:4      | Reached XP level 6. HP: 18/30 MP: 7/7
  2618 | D:4      | Noticed Grinder
  2624 | D:4      | Paralysed by Grinder for 4 turns
  2632 | D:4      | 2632 ||| FLEEEEING.
  2641 | D:4      | Killed Grinder
  2762 | D:4      | 2762 ||| FLEEEEING.
  2763 | D:4      | 2763 ||| FLEEEEING.
  2764 | D:4      | 2764 ||| FLEEEEING.
  2766 | D:4      | 2766 ||| FLEEEEING.
  2767 | D:4      | 2767 ||| FLEEEEING.
  2768 | D:4      | 2768 ||| FLEEEEING.
  2769 | D:4      | 2769 ||| FLEEEEING.
  2772 | D:4      | 2772 ||| FLEEEEING.
  2773 | D:4      | 2773 ||| FLEEEEING.
  2774 | D:4      | 2774 ||| FLEEEEING.
  2777 | D:4      | 2777 ||| FLEEEEING.
  2778 | D:4      | 2778 ||| FLEEEEING.
  2779 | D:4      | 2779 ||| FLEEEEING.
  2780 | D:4      | 2780 ||| FLEEEEING.
  2781 | D:4      | 2781 ||| FLEEEEING.
  2782 | D:4      | 2782 ||| FLEEEEING.
  2783 | D:4      | 2783 ||| FLEEEEING.
  2784 | D:4      | 2784 ||| FLEEEEING.
  2785 | D:4      | 2785 ||| FLEEEEING.
  2786 | D:4      | 2786 ||| FLEEEEING.
  2787 | D:4      | 2787 ||| STAIRDANCE
  2849 | D:4      | Reached XP level 7. HP: 35/35 MP: 8/8
  2862 | D:4      | Noticed Blork the orc
  2865 | D:4      | 2865 ||| FLEEEEING.
  2866 | D:4      | 2866 ||| FLEEEEING.
  2875 | D:4      | HP: 7/35 [Blork the orc/magic dart (7)]
  2876 | D:4      | Killed Blork the orc
  3167 | D:4      | Reached skill level 7 in Ranged Weapons
  3824 | D:4      | 3824 ||| UPGRADING to ring of protection from cold.
  3825 | D:4      | 3825 ||| READING scroll of identify.
  3825 | D:4      | 3825 ||| IDENTIFYING fuming green potion
  3826 | D:4      | 3826 ||| READING scroll labelled ZURAITURIB.
  3827 | D:4      | 3827 ||| READING scroll labelled UDACOE VUUWIEL.
  3828 | D:4      | 3828 ||| DRINKING 2 fizzy clear potions.
  3829 | D:4      | 3829 ||| DROPPING potion of brilliance.
  3848 | D:5      | Entered Level 5 of the Dungeon
  3857 | D:5      | Reached skill level 8 in Ranged Weapons
  3857 | D:5      | Reached XP level 8. HP: 30/39 MP: 9/9
  3862 | D:5      | 3862 ||| STAIRDANCE
  3903 | D:5      | 3903 ||| FLEEEEING.
  4000 | D:5      | 4000 ||| RETREEEEATING.
  4002 | D:5      | Reached skill level 3 in Fighting
  4019 | D:5      | Slain by a yak

Levels and vault maps discovered:
D:1:      wander_arrival_chamber, layout_basic
D:2:      layout_rooms, chequers_serial_rivers_micro_e, uniq_jessica,
          uniq_natasha, uniq_crazy_yiuf_cottage
D:3:      layout_basic, jmf_multi_god_temple, nicolae_overflow_crystal_walls,
          shapermc_ecumenical_altar_mp_vishouse, kennysheep_generic_room_13
D:4:      layout_loops_corners, uniq_blork_the_orc, uniq_grinder
D:5:      layout_basic, dk_yredelemnul_ordeal,
          mainiacjoe_overflow_large_starburst, minivault_24,
          kennysheep_cluttered_room, kennysheep_potato

Skill      XL: |  1  2  3  4  5  6  7  8 |
---------------+-------------------------+-----
Dodging        | 3 4 5 7 |  7.7
Ranged Weapons | 5 6 8 |  8.3
Fighting       | 2 3 |  3.1
Stealth        | |  1.5

Action                     |  1- 3 |  4- 6 |  7- 9 || total
---------------------------+-------+-------+-------++-------
   Fire: Shortbow          |    96 |   155 |   134 ||   385
    Use: Scroll            |     2 |     6 |     3 ||    11
         Potion            |     1 |       |     1 ||     2
 Armour: Robe              |     5 |     9 |    23 ||    37
  Dodge: Dodged            |    16 |    45 |    78 ||   139

Table legend:
 A = Non-vault XP
 B = Vault XP
 C = Vault XP percentage of total XP
 D = Non-vault monster count
 E = Vault monster count
 F = Vault count percentage of total count
                 A         B        C        D         E       F
            +---------+---------+-------+---------+---------+-------
      Total |    1133 |     519 |  31.4 |     104 |       8 |   7.1
            +---------+---------+-------+---------+---------+-------
        D:1 |      55 |       0 |   0.0 |      30 |       0 |   0.0
        D:2 |     104 |      72 |  40.9 |      17 |       2 |  10.5
        D:3 |      90 |      13 |  12.6 |      22 |       3 |  12.0
        D:4 |     574 |     380 |  39.8 |      31 |       2 |   6.1
        D:5 |     310 |      54 |  14.8 |       4 |       1 |  20.0
            +---------+---------+-------+---------+---------+-------
